| TOP OF THE 1ST |
|
Reading Fightin Phils batting - Pitching for Mississippi Braves : LHP Fred Kelly
|
|
Pitching: LHP Fred Kelly
|
|
|
Batting: RHB Tony Perez
|
0-0: Called Strike 0-1: Foul Ball, location: 2F 0-2: Ground out 6-3 (Groundball, 6, EV 100.0 MPH)
|
|
Batting: RHB Chris Myers
|
0-0: Ball 1-0: Fly out, F8 (Flyball, 89M, EV 88.1 MPH)
|
|
Batting: RHB Alan Weller
|
0-0: Called Strike 0-1: Swinging Strike 0-2: Foul Ball, location: 2F 0-2: Foul Ball, location: 2F 0-2: Ball 1-2: Foul Ball, location: 2F 1-2: Ball 2-2: SINGLE (Groundball, 25, EV 71.2 MPH) (infield hit)
|
|
Batting: RHB Guan-pei Gao
|
0-0: Ball 1-0: Called Strike 1-1: Ball 2-1: Ball 3-1: Base on Balls Alan Weller to second
|
|
Batting: RHB Pablo Lopez
|
0-0: Fly out, F8 (Flyball, 8LD, EV 96.9 MPH)
|
| Top of the 1st over - 0 runs, 1 hit, 0 errors, 2 left on base; Reading 0 - Mississippi 0 |
| BOTTOM OF THE 1ST |
|
Mississippi Braves batting - Pitching for Reading Fightin Phils : RHP Seizaburo Takahashi
|
|
Pitching: RHP Seizaburo Takahashi
|
|
|
Batting: RHB Luis Restrepo
|
0-0: DOUBLE (Groundball, 3L, EV 103.1 MPH)
|
|
Batting: LHB Cesar Arteaga
|
0-0: Called Strike 0-1: Ball 1-1: Foul Ball, location: 2F 1-2: Ball 2-2: Ball 3-2: Foul Ball, location: 2F 3-2: Strikes out swinging
|
|
Batting: LHB Sal Fernandez
|
0-0: Ball 1-0: Ground out U3 (Groundball, 34S, EV 80.0 MPH) Luis Restrepo to third
|
|
Batting: RHB Hieronim Rutkowski
|
0-0: Ball Passed Ball! Luis Restrepo scores 1-0: Ground out 5-3 (Groundball, 56, EV 81.2 MPH)
|
| Bottom of the 1st over - 1 run, 1 hit, 0 errors, 0 left on base; Reading 0 - Mississippi 1 |
| TOP OF THE 2ND |
|
Reading Fightin Phils batting - Pitching for Mississippi Braves : LHP Fred Kelly
|
|
Batting: LHB Alex Fernandez
|
0-0: Foul Ball, location: 2F 0-1: Ball 1-1: Foul Ball, location: 2F 1-2: Ball 2-2: Foul Ball, location: 2F 2-2: SINGLE (Groundball, 25, EV 70.6 MPH) (infield hit)
|
|
Batting: RHB Prabhukumar Santhanakrishnan
|
0-0: Ball 1-0: Ball 2-0: Swinging Strike 2-1: SINGLE (Groundball, 6MD, EV 94.4 MPH) Alex Fernandez to second Runner from 2nd tries for 3rd, SAFE, throw by CF made to third
|
|
Batting: LHB Doug Frampton
|
0-0: Ball 1-0: Called Strike 1-1: Called Strike 1-2: Strikes out swinging
|
|
Batting: RHB Danny Habermehl
|
0-0: Called Strike 0-1: Ball 1-1: Fly out, F6 (Line Drive, 6MD, EV 68.8 MPH)
|
|
Batting: RHB Tony Perez
|
0-0: Ball 1-0: Ball 2-0: Called Strike 2-1: Swinging Strike 2-2: Ball 3-2: Foul Ball, location: 2F 3-2: Foul Ball, location: 2F 3-2: Foul Ball, location: 2F 3-2: Base on Balls Prabhukumar Santhanakrishnan to second
|
|
Batting: RHB Chris Myers
|
0-0: Ball 1-0: Foul Ball, location: 2F 1-1: Reached on error, E6 (Groundball, 6, EV 103.8 MPH) Alex Fernandez scores Prabhukumar Santhanakrishnan to third Tony Perez to second
|
|
Batting: RHB Alan Weller
|
0-0: Called Strike 0-1: Hit by Pitch Prabhukumar Santhanakrishnan scores Tony Perez to third Chris Myers to second
|
|
Batting: RHB Guan-pei Gao
|
0-0: Swinging Strike 0-1: Foul Ball, location: 2F 0-2: Ball 1-2: Ball 2-2: Ball 3-2: Foul Ball, location: 2F 3-2: GRAND SLAM HOME RUN (Flyball, 89XD, EV 106.2 MPH), Distance : 416 ft
|
|
Pitching: RHP Thomas Crowner
|
|
|
Batting: RHB Pablo Lopez
|
0-0: SINGLE (Groundball, 4M, EV 90.6 MPH) (infield hit)
|
|
Batting: LHB Alex Fernandez
|
0-0: Called Strike 0-1: Ball 1-1: Ball 2-1: Called Strike 2-2: Ball 3-2: Foul Ball, location: 2F 3-2: Foul Ball, location: 2F 3-2: Foul Ball, location: 2F 3-2: Ground out 6-3 (Groundball, 6, EV 85.6 MPH)
|
| Top of the 2nd over - 6 runs, 4 hits, 1 error, 1 left on base; Reading 6 - Mississippi 1 |
| BOTTOM OF THE 2ND |
|
Mississippi Braves batting - Pitching for Reading Fightin Phils : RHP Seizaburo Takahashi
|
|
Batting: RHB Jordan Martin
|
0-0: Swinging Strike 0-1: Foul Ball, location: 2F 0-2: Ball 1-2: Foul Ball, location: 2F 1-2: Fly out, F9 (Flyball, 9, EV 88.1 MPH)
|
|
Batting: RHB Jose Ramos
|
0-0: Called Strike 0-1: Called Strike 0-2: Ball 1-2: Strikes out swinging
|
|
Batting: SHB Jose Melendez
|
0-0: Called Strike 0-1: Fly out, F9 (Flyball, 9S, EV 93.1 MPH)
|
| Bottom of the 2nd over - 0 runs, 0 hits, 0 errors, 0 left on base; Reading 6 - Mississippi 1 |
| TOP OF THE 3RD |
|
Reading Fightin Phils batting - Pitching for Mississippi Braves : RHP Thomas Crowner
|
|
Batting: RHB Prabhukumar Santhanakrishnan
|
0-0: Called Strike 0-1: Ball 1-1: SINGLE (Groundball, 6MD, EV 105.0 MPH)
|
|
Batting: LHB Doug Frampton
|
0-0: Hit by Pitch Prabhukumar Santhanakrishnan to second
|
|
Batting: RHB Danny Habermehl
|
0-0: Foul Ball, location: 2F 0-1: Ball 1-1: Called Strike 1-2: Strikes out looking
|
|
Batting: RHB Tony Perez
|
0-0: Ball Prabhukumar Santhanakrishnan steals 3rd base 1-0: Foul Ball, location: 2F 1-1: Foul Ball, location: 2F 1-2: Ball 2-2: Foul Ball, location: 2F 2-2: DOUBLE (Line Drive, 3D, EV 106.9 MPH) Prabhukumar Santhanakrishnan scores Doug Frampton to third
|
|
Batting: RHB Chris Myers
|
0-0: Called Strike 0-1: Ball 1-1: Ground out 2-3 (Groundball, 2R, EV 68.8 MPH)
|
|
Batting: RHB Alan Weller
|
0-0: Called Strike 0-1: Called Strike 0-2: Foul Ball, location: 2F 0-2: Foul Ball, location: 2F 0-2: Ball 1-2: Foul Ball, location: 2F 1-2: Ball 2-2: Strikes out looking
|
| Top of the 3rd over - 1 run, 2 hits, 0 errors, 2 left on base; Reading 7 - Mississippi 1 |
| BOTTOM OF THE 3RD |
|
Mississippi Braves batting - Pitching for Reading Fightin Phils : RHP Seizaburo Takahashi
|
|
Batting: SHB Eric Reeser
|
0-0: Called Strike 0-1: Ball 1-1: Foul Ball, location: 2F 1-2: Ball 2-2: Strikes out swinging
|
|
Batting: RHB Adrian Billups
|
0-0: Ball 1-0: Ball 2-0: Foul Ball, location: 2F 2-1: Called Strike 2-2: Foul Ball, location: 2F 2-2: Strikes out looking
|
|
Batting: RHB Luis Restrepo
|
0-0: Called Strike 0-1: Swinging Strike 0-2: Foul Ball, location: 2F 0-2: Ball 1-2: Ground out 3-1 (Groundball, 34S, EV 86.2 MPH)
|
| Bottom of the 3rd over - 0 runs, 0 hits, 0 errors, 0 left on base; Reading 7 - Mississippi 1 |
| TOP OF THE 4TH |
|
Reading Fightin Phils batting - Pitching for Mississippi Braves : RHP Thomas Crowner
|
|
Batting: RHB Guan-pei Gao
|
0-0: Called Strike 0-1: Foul Ball, location: 2F 0-2: Foul Ball, location: 2F 0-2: Ball 1-2: Foul Ball, location: 2F 1-2: Ground out 4-3 (Groundball, 4, EV 101.2 MPH)
|
|
Batting: RHB Pablo Lopez
|
0-0: Called Strike 0-1: Ball 1-1: Ground out 5-3 (Groundball, 5S, EV 75.6 MPH)
|
|
Batting: LHB Alex Fernandez
|
0-0: Called Strike 0-1: Foul Ball, location: 2F 0-2: Foul Ball, location: 2F 0-2: Ball 1-2: Strikes out swinging
|
| Top of the 4th over - 0 runs, 0 hits, 0 errors, 0 left on base; Reading 7 - Mississippi 1 |
| BOTTOM OF THE 4TH |
|
Mississippi Braves batting - Pitching for Reading Fightin Phils : RHP Seizaburo Takahashi
|
|
Batting: LHB Cesar Arteaga
|
0-0: Ball 1-0: Swinging Strike 1-1: Fly out, F8 (Flyball, 8RM, EV 89.4 MPH)
|
|
Batting: LHB Sal Fernandez
|
0-0: Called Strike 0-1: Ball 1-1: Foul Ball, location: 2F 1-2: SINGLE (Flyball, 4D, EV 90.0 MPH)
|
|
Batting: RHB Hieronim Rutkowski
|
0-0: Called Strike 0-1: Swinging Strike 0-2: Fly out, F6 (Popup, 6, EV 81.2 MPH)
|
|
Batting: RHB Jordan Martin
|
0-0: Ball 1-0: Ball 2-0: Called Strike Sal Fernandez is caught stealing 2nd base 2-4
|
| Bottom of the 4th over - 0 runs, 1 hit, 0 errors, 0 left on base; Reading 7 - Mississippi 1 |
| TOP OF THE 5TH |
|
Reading Fightin Phils batting - Pitching for Mississippi Braves : RHP Thomas Crowner
|
|
Batting: RHB Prabhukumar Santhanakrishnan
|
0-0: Called Strike 0-1: Foul Ball, location: 2F 0-2: Ball 1-2: Ground out 4-3 (Groundball, 4, EV 106.9 MPH)
|
|
Batting: LHB Doug Frampton
|
0-0: Ball 1-0: Ball 2-0: Ball 3-0: Called Strike 3-1: Ground out 6-3 (Groundball, 6MS, EV 90.6 MPH)
|
|
Batting: RHB Danny Habermehl
|
0-0: Called Strike 0-1: Foul Ball, location: 2F 0-2: Foul Ball, location: 2F 0-2: Ground out 6-3 (Groundball, 56, EV 101.9 MPH)
|
| Top of the 5th over - 0 runs, 0 hits, 0 errors, 0 left on base; Reading 7 - Mississippi 1 |
| BOTTOM OF THE 5TH |
|
Mississippi Braves batting - Pitching for Reading Fightin Phils : RHP Seizaburo Takahashi
|
|
Batting: RHB Jordan Martin
|
0-0: Called Strike 0-1: Ball 1-1: Fly out, F8 (Flyball, 8LM, EV 87.5 MPH)
|
|
Batting: RHB Jose Ramos
|
0-0: Ball 1-0: Ball 2-0: Ball 3-0: Base on Balls
|
|
Batting: SHB Jose Melendez
|
0-0: Called Strike 0-1: Called Strike 0-2: Ball 1-2: Ball 2-2: Fly out, F6 (Line Drive, 6M, EV 75.6 MPH)
|
|
Batting: SHB Eric Reeser
|
0-0: Ball Jose Ramos is caught stealing 2nd base 2-6
|
| Bottom of the 5th over - 0 runs, 0 hits, 0 errors, 0 left on base; Reading 7 - Mississippi 1 |
| TOP OF THE 6TH |
|
Reading Fightin Phils batting - Pitching for Mississippi Braves : RHP Thomas Crowner
|
|
Batting: RHB Tony Perez
|
0-0: Called Strike 0-1: Hit by Pitch
|
|
Pitching: RHP Frank Diaz
|
|
|
Batting: RHB Chris Myers
|
0-0: Called Strike 0-1: Ball 1-1: Swinging Strike 1-2: Ball Tony Perez is caught stealing 2nd base 2-4 2-2: Ground out 5-3 (Groundball, 56S, EV 76.2 MPH)
|
|
Batting: RHB Alan Weller
|
0-0: Called Strike 0-1: Swinging Strike 0-2: Ball 1-2: Foul Ball, location: 2F 1-2: Foul Ball, location: 2F 1-2: Foul Ball, location: 2F 1-2: Ground out 4-3 (Groundball, 4, EV 79.4 MPH)
|
| Top of the 6th over - 0 runs, 0 hits, 0 errors, 0 left on base; Reading 7 - Mississippi 1 |
| BOTTOM OF THE 6TH |
|
Mississippi Braves batting - Pitching for Reading Fightin Phils : RHP Seizaburo Takahashi
|
|
Pitching: RHP John Hughes
|
|
|
Batting: SHB Eric Reeser
|
0-0: Ball 1-0: Ball 2-0: Foul Ball, location: 2F 2-1: Called Strike 2-2: Strikes out swinging
|
|
Pinch Hitting: LHB Fred Arends
|
0-0: Ball 1-0: Called Strike 1-1: Ground out 4-3 (Groundball, 4, EV 81.2 MPH)
|
|
Batting: RHB Luis Restrepo
|
0-0: Called Strike 0-1: Ground out 4-3 (Groundball, 4D, EV 82.5 MPH)
|
| Bottom of the 6th over - 0 runs, 0 hits, 0 errors, 0 left on base; Reading 7 - Mississippi 1 |
| TOP OF THE 7TH |
|
Reading Fightin Phils batting - Pitching for Mississippi Braves : RHP Frank Diaz
|
|
Now at 2B: Ingidayehu Lagat
|
|
|
Now at 3B: Luis Restrepo
|
|
|
Batting: RHB Guan-pei Gao
|
0-0: Ground out 6-3 (Groundball, 6MD, EV 89.4 MPH)
|
|
Batting: RHB Pablo Lopez
|
0-0: Foul Ball, location: 2F 0-1: Ball 1-1: Ball 2-1: Ball 3-1: Base on Balls
|
|
Batting: LHB Alex Fernandez
|
0-0: Ball 1-0: Ball 2-0: Ball 3-0: Foul Ball, location: 2F 3-1: SINGLE (Line Drive, 6D, EV 95.0 MPH) Pablo Lopez to second
|
|
Batting: RHB Prabhukumar Santhanakrishnan
|
0-0: Foul Ball, location: 2F 0-1: Foul Ball, location: 2F 0-2: Hit by Pitch Pablo Lopez to third Alex Fernandez to second
|
|
Batting: LHB Doug Frampton
|
0-0: Ball 1-0: Called Strike 1-1: Ball 2-1: Ball 3-1: Base on Balls Pablo Lopez scores Alex Fernandez to third Prabhukumar Santhanakrishnan to second
|
|
Batting: RHB Danny Habermehl
|
0-0: Foul Ball, location: 2F 0-1: SINGLE (Line Drive, 4D, EV 95.0 MPH) Alex Fernandez scores Prabhukumar Santhanakrishnan to third Doug Frampton to second
|
|
Batting: RHB Tony Perez
|
0-0: Ball 1-0: Ball 2-0: Foul Ball, location: 2F 2-1: Called Strike 2-2: Ball 3-2: Strikes out swinging
|
|
Batting: LHB Danny Zuniga
|
0-0: Called Strike 0-1: Swinging Strike 0-2: Ball 1-2: Strikes out swinging
|
| Top of the 7th over - 2 runs, 2 hits, 0 errors, 3 left on base; Reading 9 - Mississippi 1 |
| BOTTOM OF THE 7TH |
|
Mississippi Braves batting - Pitching for Reading Fightin Phils : RHP John Hughes
|
|
Pinch Hitting: LHB Tony Zizumbo
|
0-0: Called Strike 0-1: SINGLE (Groundball, 4MD, EV 96.9 MPH)
|
|
Pinch Hitting: RHB Badr al Din Ridha
|
0-0: Ball Tony Zizumbo steals 2nd base (no throw) 1-0: Called Strike 1-1: Ground out 6-3 (Groundball, 6M, EV 109.4 MPH) Tony Zizumbo to third
|
|
Batting: RHB Hieronim Rutkowski
|
0-0: Ball 1-0: Ground out 5-3 (Groundball, 56S, EV 88.8 MPH) Tony Zizumbo scores
|
|
Batting: RHB Jordan Martin
|
0-0: Called Strike 0-1: Ground out 6-3 (Groundball, 6, EV 87.5 MPH)
|
| Bottom of the 7th over - 1 run, 1 hit, 0 errors, 0 left on base; Reading 9 - Mississippi 2 |
| TOP OF THE 8TH |
|
Reading Fightin Phils batting - Pitching for Mississippi Braves : RHP Frank Diaz
|
|
Now at 1B: Jose Ramos
|
|
|
Now in LF: Tony Zizumbo
|
|
|
Now in CF: Badr al Din Ridha
|
|
|
Now in RF: Jose Melendez
|
|
|
Batting: RHB Alan Weller
|
0-0: Fly out, F3 (Popup, 3D, EV 58.8 MPH)
|
|
Batting: RHB Guan-pei Gao
|
0-0: Ball 1-0: Ball 2-0: Ball 3-0: Base on Balls
|
|
Pitching: RHP Carlos Esquivel
|
|
|
Batting: RHB Pablo Lopez
|
0-0: Called Strike 0-1: Called Strike 0-2: Ball 1-2: Hit by Pitch Guan-pei Gao to second
|
|
Batting: LHB Alex Fernandez
|
0-0: Ball 1-0: Ball 2-0: Swinging Strike 2-1: Foul Ball, location: 2F 2-2: Foul Ball, location: 2F 2-2: Ball 3-2: Strikes out swinging
|
|
Batting: RHB Prabhukumar Santhanakrishnan
|
0-0: Called Strike 0-1: Ball 1-1: Ball 2-1: Called Strike 2-2: Foul Ball, location: 2F 2-2: Foul Ball, location: 2F 2-2: Foul Ball, location: 2F 2-2: Foul Ball, location: 2F 2-2: Ground out 5-3 (Groundball, 5S, EV 84.4 MPH)
|
| Top of the 8th over - 0 runs, 0 hits, 0 errors, 2 left on base; Reading 9 - Mississippi 2 |
| BOTTOM OF THE 8TH |
|
Mississippi Braves batting - Pitching for Reading Fightin Phils : RHP John Hughes
|
|
Batting: RHB Jose Ramos
|
0-0: Ball 1-0: Called Strike 1-1: Fly out, F7 (Flyball, 7D, EV 103.1 MPH)
|
|
Batting: SHB Jose Melendez
|
0-0: Ball 1-0: Ball 2-0: Ball 3-0: Ground out 6-3 (Groundball, 6, EV 101.9 MPH)
|
|
Batting: SHB Eric Reeser
|
0-0: Foul Ball, location: 2F 0-1: Ball 1-1: Ball 2-1: Foul Ball, location: 2F 2-2: Foul Ball, location: 2F 2-2: Foul Ball, location: 2F 2-2: DOUBLE (Flyball, 78D, EV 112.5 MPH)
|
|
Batting: RHB Ingidayehu Lagat
|
0-0: Called Strike 0-1: Foul Ball, location: 2F 0-2: Ball 1-2: Strikes out swinging
|
| Bottom of the 8th over - 0 runs, 1 hit, 0 errors, 1 left on base; Reading 9 - Mississippi 2 |
| TOP OF THE 9TH |
|
Reading Fightin Phils batting - Pitching for Mississippi Braves : RHP Carlos Esquivel
|
|
Batting: LHB Doug Frampton
|
0-0: Ball 1-0: Fly out, F6 (Line Drive, 4, EV 61.9 MPH)
|
|
Batting: RHB Danny Habermehl
|
0-0: SINGLE (Line Drive, 34D, EV 95.0 MPH)
|
|
Batting: RHB Tony Perez
|
0-0: Ball 1-0: Called Strike 1-1: Swinging Strike 1-2: Ball 2-2: Strikes out looking
|
|
Batting: LHB Danny Zuniga
|
0-0: Ground out 4-3 (Groundball, 34, EV 103.8 MPH)
|
| Top of the 9th over - 0 runs, 1 hit, 0 errors, 1 left on base; Reading 9 - Mississippi 2 |
| BOTTOM OF THE 9TH |
|
Mississippi Braves batting - Pitching for Reading Fightin Phils : RHP John Hughes
|
|
Batting: RHB Luis Restrepo
|
0-0: Swinging Strike 0-1: Foul Ball, location: 2F 0-2: Foul Ball, location: 2F 0-2: Foul Ball, location: 2F 0-2: Strikes out swinging
|
|
Batting: LHB Tony Zizumbo
|
0-0: Called Strike 0-1: Ball 1-1: Ball 2-1: Swinging Strike 2-2: Foul Ball, location: 2F 2-2: Foul Ball, location: 2F 2-2: Ground out U3 (Groundball, 34, EV 88.8 MPH)
|
|
Pinch Hitting: LHB Art D'Ascenzo
|
0-0: Ball 1-0: Ball 2-0: Ball 3-0: Base on Balls
|
|
Batting: RHB Hieronim Rutkowski
|
0-0: Fielders Choice at 2nd, 6-4 (Groundball, 6, EV 96.9 MPH)
|
| Bottom of the 9th over - 0 runs, 0 hits, 0 errors, 1 left on base; Reading 9 - Mississippi 2 |
|